 Dungeon Crawl Stone Soup version 0.30.0-20-g3615ddf2f0 (webtiles) character file.

Game seed: 9403215508324421590

35 qw the Chopper (level 3, 0/23 HPs)
             Began as a Gargoyle Fighter on June 1, 2023.
             Slain by a jackal (1 damage)
             ... on level 2 of the Dungeon.
             The game lasted 00:00:30 (550 turns).

qw the Chopper (Gargoyle Fighter)                    Turns: 550, Time: 00:00:31

Health: 0/23       AC: 12    Str: 21    XL:     3   Next: 35%
Magic:  3/3        EV:  7    Int:  8    God:
Gold:   26         SH:  4    Dex:  9    Spells: 2/2 levels left

rFire   . . .        Y - +3 war axe
rCold   . . .        c - +0 buckler
rNeg    + . .        f - +0 chain mail
rPois   inf          (no helmet)
rElec   +            (no cloak)
rCorr   .            (no gloves)
SInv    .            (no boots)
Will    .....        (no amulet) Stlth
                     (no ring)
HPRegen 0.23/turn    (no ring)
MPRegen 0.08/turn

%: no passive effects
@: no status effects
A: sickness immunity, AC +3, negative energy resistance 1, electricity
resistance, torment resistance 1, petrification resistance
a: no special abilities


You were on level 2 of the Dungeon.
You visited 1 branch of the dungeon, and saw 2 of its levels.

You collected 26 gold pieces.


Innate Abilities, Weirdness & Mutations

You are immune to sickness and miasma.
Your stone body is resilient. (AC +3)
You are immune to poison.
You resist negative energy. (rN+)
You are resistant to electric shocks. (rElec)
You are resistant to unholy torment.
You are immune to petrification.


   Skills:
 - Level 3.2 Fighting
 + Level 3.3 Axes
 - Level 3.2 Armour
 - Level 3.2 Shields


You had 2 spell levels left.
You didn't know any spells.
Your spell library was empty.

Inventory:

Hand Weapons
 g - a +0 club
 Y - a +3 war axe (weapon)
Armour
 c - a +0 buckler (worn)
 f - a +0 chain mail (worn)
Potions
 d - 2 potions of might
 e - a potion of heal wounds {unknown}

Dungeon Overview and Level Annotations

Branches:
Dungeon (2/15)

Altars:


Message History

As you read the scroll of enchant weapon, it crumbles to dust.
Your +1 war axe glows red for a moment.
527 ||| ENCHANTING +1 war axe.
528 ||| READING scroll of enchant weapon.
As you read the scroll of enchant weapon, it crumbles to dust.
Your +2 war axe glows red for a moment.
528 ||| ENCHANTING +2 war axe.
Done exploring.
(D) Dungeon
Where to? (* - list waypoints, ? - help)
What level of the Dungeon? (default 1, ? - help)
There is a stone staircase leading down here.
You climb downwards.
The jackal barks! x3
The endoplasm quivers.
You hear a bark!
You hear a shout! x2; You hear an angry hiss.
You hear a shout!
Found a stone staircase leading up.
There is a stone staircase leading up here.
There are monsters nearby!
Waypoint 1 assigned to D:2.
You hit the jackal.
The jackal is almost dead.
The jackal closely misses you. You block the jackal's attack.
You slash the jackal!
You kill the jackal!
You barely miss the jackal.
A jackal comes into view.
The jackal bites you but does no damage. x2
An orc priest comes into view. It is wielding a +0 club.
An adder comes into view.
The jackal bites you but does no damage.
You barely miss the jackal. You hit the jackal. The jackal barely misses you.
The orc priest mumbles some strange prayers to Beogh against you.
Beogh smites you!
Ouch! That really hurt!
The jackal bites you but does no damage.
The orc priest calls down the wrath of Beogh upon you.
Beogh smites you!
The jackal bites you but does no damage.
550 ||| STAIRDANCE The jackal bites you.
You die...

...#
...#
##..##
...o
...#
#J.#
#hh#
#@h#
#..#
#S.#
#..#
...#
##.#
.# .#


You could see an orc priest, an adder, an endoplasm and 3 jackals.

Vanquished Creatures
  A dart slug (D:1)
  4 endoplasms (D:1)
  5 hobgoblins (D:1)
  7 jackals
  2 ball pythons (D:1)
  A bat (D:1)
  5 frilled lizards (D:1)
  4 goblins (D:1)
  A kobold (D:1)
  A rat (D:1)
31 creatures vanquished.

Notes
Turn   | Place    | Note
-------+----------+-------------------------------------------
     0 | D:1      | qw the Gargoyle Fighter began the quest for the Orb.
     0 | D:1      | Reached XP level 1. HP: 14/14 MP: 1/1
     0 | D:1      | 0 ||| qw: Version: 0.2-a-102-gdf20003
     0 | D:1      | 0 ||| qw: Game counter: 769
     0 | D:1      | 0 ||| qw: Always use a shield: true
     0 | D:1      | 0 ||| qw: God list: Okawaru
     0 | D:1      | 0 ||| qw: Allow faded altars: false
     0 | D:1      | 0 ||| qw: Do Orc after D:15 true
     0 | D:1      | 0 ||| qw: Do second Lair branch before Depths: true
     0 | D:1      | 0 ||| qw: Lair rune preference: random
     0 | D:1      | 0 ||| qw: Plans: Normal, Zot:1-4, Slime:5, God:TSO, Crypt,
                  | Tomb, Pan, Hells, Abyss, Win
     0 | D:1      | 0 ||| PLANNING D:1-11
    67 | D:1      | 67 ||| Stepping ~*~*~tactically~*~*~ (stealth).
    68 | D:1      | 68 ||| Stepping ~*~*~tactically~*~*~ (stealth).
    74 | D:1      | 74 ||| Stepping ~*~*~tactically~*~*~ (stealth).
    81 | D:1      | Reached XP level 2. HP: 19/19 MP: 2/2
    81 | D:1      | 81 ||| Stepping ~*~*~tactically~*~*~ (stealth).
    84 | D:1      | 84 ||| Stepping ~*~*~tactically~*~*~ (stealth).
   210 | D:1      | 210 ||| Stepping ~*~*~tactically~*~*~ (stealth).
   212 | D:1      | 212 ||| Stepping ~*~*~tactically~*~*~ (stealth).
   213 | D:1      | 213 ||| Stepping ~*~*~tactically~*~*~ (stealth).
   223 | D:1      | 223 ||| Stepping ~*~*~tactically~*~*~ (stealth).
   225 | D:1      | 225 ||| Stepping ~*~*~tactically~*~*~ (stealth).
   230 | D:1      | 230 ||| Stepping ~*~*~tactically~*~*~ (stealth).
   231 | D:1      | 231 ||| Stepping ~*~*~tactically~*~*~ (stealth).
   233 | D:1      | Reached skill level 3 in Axes
   265 | D:1      | Reached XP level 3. HP: 23/23 MP: 3/3
   277 | D:1      | 277 ||| Stepping ~*~*~tactically~*~*~ (stealth).
   513 | D:1      | 513 ||| UPGRADING to +0 chain mail.
   523 | D:1      | 523 ||| DROPPING +0 scale mail.
   524 | D:1      | 524 ||| READING scroll labelled EJAEMMANOM.
   525 | D:1      | 525 ||| READING scroll labelled EPTEYX UMAO.
   526 | D:1      | 526 ||| READING 3 scrolls labelled PEDUDD IBUH WIWO.
   527 | D:1      | 527 ||| READING 2 scrolls of enchant weapon.
   527 | D:1      | 527 ||| ENCHANTING +1 war axe.
   528 | D:1      | 528 ||| READING scroll of enchant weapon.
   528 | D:1      | 528 ||| ENCHANTING +2 war axe.
   549 | D:2      | HP: 1/23 [orc priest/divine providence (10)]
   550 | D:2      | 550 ||| STAIRDANCE
   550 | D:2      | Slain by a jackal

Levels and vault maps discovered:
D:1:      dpeg_arrival_rooms_c, layout_rooms, minmay_pentomino_x2
D:2:      layout_loops_ring, basic_ecumenical_altar, serial_shops,
          nicolae_shop_just_a_little_nook, shop_statue

Skill      XL: |  1  2 |
---------------+-------+-----
Axes           | 2 3 |  3.3
Fighting       | |  3.2
Armour         | |  3.2
Shields        | |  3.2

Action                     || total
---------------------------++-------
  Melee: War axe           ||    90
    Use: Scroll            ||     5
 Armour: Scale mail        ||    48
         Chain mail        ||     5
  Dodge: Dodged            ||    53
  Block: Buckler           ||    19

Table legend:
 A = Non-vault XP
 B = Vault XP
 C = Vault XP percentage of total XP
 D = Non-vault monster count
 E = Vault monster count
 F = Vault count percentage of total count
                 A         B        C        D         E       F
            +---------+---------+-------+---------+---------+-------
      Total |      49 |       2 |   3.9 |      29 |       2 |   6.5
            +---------+---------+-------+---------+---------+-------
        D:1 |      47 |       2 |   4.1 |      28 |       2 |   6.7
        D:2 |       2 |       0 |   0.0 |       1 |       0 |   0.0
            +---------+---------+-------+---------+---------+-------
